 Dungeon Crawl Stone Soup version 0.27-a0-909-g0721f309d1 (webtiles) character file.

Game seed: 9693881493399733865

8 Alarkh the Insei (level 2, 19/21 HPs)
             Began as a Demonspawn Transmuter on Apr 8, 2021.
             Got out of the dungeon alive.
             The game lasted 00:00:28 (318 turns).

Alarkh the Insei (Demonspawn Transmuter)             Turns: 318, Time: 00:00:28

Health: 19/21      AC:  4    Str: 10    XL:     2   Next: 0%
Magic:  5/5        EV: 12    Int: 14    God:
Gold:   30         SH:  0    Dex: 13    Spells: 4/5 levels left

rFire    . . .     SeeInvis .     - Unarmed
rCold    . . .     Faith    .   (no shield)
rNeg     . . .     Spirit   .   a - +0 robe
rPois    .         Reflect  .   (no helmet)
rElec    .         Harm     .   (no cloak)
rCorr    .         Rampage  .   (no gloves)
Will     .....                  (no boots)
Stlth    +.........             (no amulet)
HPRegen  0.07/turn              (no ring)
MPRegen  0.09/turn              (no ring)

@: no status effects
A: yellow scales 1
a: no special abilities


You escaped.
You visited 1 branch of the dungeon, and saw 1 of its levels.

You collected 30 gold pieces.

Inventory:

Armour
 a - a +0 robe (worn)


   Skills:
 + Level 1.3 Fighting
 - Level 1.7 Dodging
 * Level 3.1 Unarmed Combat
 - Level 2.0 Spellcasting
 - Level 1.7 Transmutations


You had 4 spell levels left.
You knew the following spells:

 Your Spells              Type           Power      Damage    Failure   Level
a - Beastly Appendage     Tmut           12%        N/A       12%         1

Your spell library contained the following spells:

 Spells                   Type           Power      Damage    Failure   Level
 Wereblood                Tmut           6%         N/A       17%         2
 Spider Form              Tmut/Pois      1%         N/A       45%         3
 Ice Form                 Ice/Tmut       3%         N/A       86%         4
 Hydra Form               Tmut           3%         N/A       97%         5


Dungeon Overview and Level Annotations

Branches:
Dungeon (1/15)

Altars:


Innate Abilities, Weirdness & Mutations

You are partially covered in yellow scales. (AC +2)


Message History

You hit the quokka.
You kill the quokka!
You see here a quokka corpse.
You start resting.
Your horns disappear.
Your talons disappear.
You start resting.
Magic restored.
You start resting.
You start resting.
HP restored.
A goblin comes into view. It is wielding a +0 club.
Found a leather armour and 17 gold pieces.
A goblin is nearby!
A goblin is nearby!
Casting: Beastly Appendage (safe; 12% risk of failure)
Confirm with . or Enter, or press ? or * to list all spells.
You grow a pair of large bovine horns.
Your feet morph into talons.
Unknown command.
You see here a +0 hunting sling.
The goblin shouts!
You see here a +0 leather armour.
You barely miss the goblin.
Your transformation is almost over.
The goblin completely misses you.
You closely miss the goblin. The goblin hits you with a +0 club.
You hit the goblin.
You kill the goblin!
You have reached level 2!
Your demonic ancestry asserts itself...
Yellow scales grow over part of your body.
Magic restored.
Your horns disappear.
Your talons disappear.
You now have 17 gold pieces.
Things that are here:
a +0 club; a goblin corpse You now have 30 gold pieces (gained 13).
Found 19 stones.
There is a staircase leading out of the dungeon here.
Are you sure you want to leave the Dungeon?
This will make you lose the game!
You have escaped!

#..PP).PPPPPPP.P.P..#...
#..PPP..PPPPPP..P......#
#).PPPP......PP.........
#..PPP..PPPPP...P.......
#..PP..PP...PPP.PP......
#..P..PP.PPP.PP.PP......
#..P.PP.PP.PP.PP.P......
.....P.PP.P.PP.P.P......
.#...P.P.PPP.P.P@P......
.#.P.P.PP.P.PP.P.P......
...P.PP.PP.PP.PP.P......
...PP.PP.PPP.PP.PP.....!
...PP.PPP...PPP.PP......
...PPP..PPPPP..PPP......
...PPPPP.....PPPPP.....#


.....PPPPPPPPPPPPP.#.#.. ##.P...PP.PPPPP There were no monsters in sight!

Vanquished Creatures
  2 endoplasms (D:1)
  A goblin (D:1)
  A quokka (D:1)
  A frilled lizard (D:1)
  2 kobolds (D:1)
7 creatures vanquished.

Vanquished Creatures (others)
  24 plants (D:1)
24 creatures vanquished.

Grand Total: 31 creatures vanquished

Notes
Turn   | Place    | Note
-------+----------+-------------------------------------------
     0 | D:1      | Alarkh the Demonspawn Transmuter began the quest for the
                  | Orb.
     0 | D:1      | Reached XP level 1. HP: 15/15 MP: 3/3
    99 | D:1      | Reached skill level 3 in Unarmed Combat
   229 | D:1      | Gained mutation: You are partially covered in yellow
                  | scales. (AC +2) [demonic ancestry]
   229 | D:1      | Reached XP level 2. HP: 13/21 MP: 3/5
   318 | D:$      | Got out of the dungeon alive.

Illustrated notes

Levels and vault maps discovered:
D:1:      roderic_crop_circles_arrival_small, layout_rooms, minivault_27,
          hangedman_glass_teeth, minmay_misc_feat_alley, minmay_pentomino_q2

Skill      XL: |  1 |
---------------+----+-----
Unarmed Combat | 3 |  3.1
Fighting       | |  1.3
Dodging        | |  1.7
Spellcasting   | |  2.0
Transmutations | |  1.7

Action                   || total
-------------------------++-------
Melee: Unarmed           ||    22
       Kick              ||     5
 Cast: Beastly Appendage ||     4
Armor: Robe              ||     3
Dodge: Dodged            ||     6

Table legend: (Time is in decaauts)
 A = Elapsed time spent in this place.
 B = Non-inter-level travel time spent in this place.
 C = Inter-level travel time spent in this place.
 D = Time resting spent in this place.
 E = Time spent auto-exploring this place.
 F = Levels seen in this place.
 G = Mean time per level.
                   A        B        C        D        E       F      G
               +--------+--------+--------+--------+--------+-----+--------+
         Total |    317 |    281 |     36 |    116 |     99 |   1 |  317.0 |
       Dungeon |    317 |    281 |     36 |    116 |     99 |   1 |  317.0 |
               +--------+--------+--------+--------+--------+-----+--------+

Top non-repeatable levels by time:
     D:1: 317 daAuts
